 Dungeon Crawl Stone Soup version 0.29-a0-982-gaed3a0c8d8 (webtiles) character file.

Game seed: 17752922255311525613

3 ytrimaz the Grave Robber (level 1, -1/13 HPs)
             Began as a Demonspawn Necromancer on Aug 1, 2022.
             Slain by a ball python (3 damage)
             ... on level 1 of the Dungeon.
             The game lasted 00:00:21 (79 turns).

ytrimaz the Grave Robber (Demonspawn Necromancer)     Turns: 79, Time: 00:00:22

Health: -1/13      AC:  2    Str:  8    XL:     1   Next: 41%
Magic:  3/3        EV: 12    Int: 16    God:
Gold:   0          SH:  0    Dex: 13    Spells: 3/4 levels left

rFire   . . .      SeeInvis .   (no weapon)
rCold   . . .      Faith    .   (no shield)
rNeg    . . .      Spirit   .   a - +0 robe
rPois   .          Reflect  .   (no helmet)
rElec   .          Harm     .   (no cloak)
rCorr   .          Rampage  .   (no gloves)
Will    .....                   (no boots)
Stlth   ++........              (no amulet)
HPRegen 0.04/turn               (no ring)
MPRegen 0.08/turn               (no ring)

@: no status effects
A: no striking features
a: no special abilities


You were on level 1 of the Dungeon.
You visited 1 branch of the dungeon, and saw 1 of its levels.

Inventory:

Armour
 a - a +0 robe (worn)


   Skills:
 - Level 1.7 Dodging
 - Level 1.7 Stealth
 - Level 2.0 Spellcasting
 + Level 4.6 Necromancy


You had 3 spell levels left.
You knew the following spells:

 Your Spells              Type           Power      Damage    Failure   Level
a - Necrotise             Necr           64%        1d7       3%          1

Your spell library contained the following spells:

 Spells                   Type           Power      Damage    Failure   Level
 Vampiric Draining        Necr           16%        2d7       10%         3
 Static Discharge         Conj/Air       1%         3-4/arc   30%         2
 Animate Dead             Necr           16%        N/A       30%         4
 Dispel Undead            Necr           16%        3d10      30%         4
 Agony                    Necr           16%        N/A       65%         5
 Sticky Flame             Conj/Fire      1%         2d3       90%         4


Dungeon Overview and Level Annotations

Branches:
Dungeon (1/15)

Altars:


Message History

Aiming: Necrotise (safe; 3% risk of failure)
Press: ? - help, Q - select action Shift-Dir - straight line, f - ball python
Aim: a ball python (severely wounded, chance to affect: 86%)
The ball python barely resists.
The ball python bites you. The ball python misses you.
The ball python closely misses you. The ball python barely misses you.
The ball python closely misses you. The ball python grabs you.
The ball python constricts you.
Unknown command.
You escape the ball python's grasp.
The ball python attacks as you move away!
The ball python misses you. The ball python barely misses you.
There is an open door here.
The ball python attacks as you move away!
The ball python misses you. The ball python barely misses you.
The ball python misses you. The ball python grabs you.
The ball python constricts you.
Unknown command.
You escape the ball python's grasp.
The ball python attacks as you move away!
The ball python closely misses you. The ball python barely misses you.
The ball python closely misses you.
There is an open door here.
The ball python attacks as you move away!
The ball python closely misses you.
The ball python attacks as you move away!
The ball python bites you. The ball python closely misses you.
The ball python attacks as you move away!
The ball python closely misses you. The ball python barely misses you.
Aiming: Necrotise (safe; 3% risk of failure)
Press: ? - help, Q - select action Shift-Dir - straight line, f/p - ball python
Aim: a ball python (severely wounded, chance to affect: 86%)
The ball python writhes in agony.
You kill the ball python!
The dead are slithering!
The ball python bites you.
* * * LOW HITPOINT WARNING * * *
The ball python closely misses you.
Unknown command.
Magic courses through your body. The ball python bites you.
You die...

♣## ##########
..####........#+##
..#..#........#..#
..#..#.P.P.P..#..#
..#..#..P.P.P.#.@#
..#..#.P.P.P..#ZS#
..#..#..P...P.#.K#
.........P..).#..#
.............8##'#
........#######..##
.............#...<#
♣♣♣..........'....#
♣♣♣...#######..##


You could see a ball python (ally target), a kobold and a friendly ball python
skeleton.

Vanquished Creatures
  A hobgoblin (D:1)
  A quokka (D:1)
  A ball python (D:1)
3 creatures vanquished.

Notes
Turn   | Place    | Note
-------+----------+-------------------------------------------
     0 | D:1      | ytrimaz the Demonspawn Necromancer began the quest for the
                  | Orb.
     0 | D:1      | Reached XP level 1. HP: 13/13 MP: 3/3
    79 | D:1      | Slain by a ball python

Illustrated notes

Levels and vault maps discovered:
D:1:      sevenhm_arrival_forest_fort_large_4, layout_rooms,
          shapermc_ecumenical_altar_starsandcircs

Action                   || total
-------------------------++-------
Melee: Unarmed           ||     2
 Cast: Necrotise         ||     6
  Use: Potion            ||     1
Armor: Robe              ||     3
Dodge: Dodged            ||    19

Table legend: (Time is in decaauts)
 A = Elapsed time spent in this place.
 B = Non-inter-level travel time spent in this place.
 C = Inter-level travel time spent in this place.
 D = Time resting spent in this place.
 E = Time spent auto-exploring this place.
 F = Levels seen in this place.
 G = Mean time per level.
                   A        B        C        D        E       F      G
               +--------+--------+--------+--------+--------+-----+--------+
         Total |     79 |     79 |      0 |      0 |     35 |   1 |   79.0 |
       Dungeon |     79 |     79 |      0 |      0 |     35 |   1 |   79.0 |
               +--------+--------+--------+--------+--------+-----+--------+

Top non-repeatable levels by time:
     D:1: 79 daAuts
